Map: Ley Lines

Players

Vaisravana - Winner!

  • Race: Protoss Protoss
  • Spawn Location: 7:00

frugs

  • Race: Protoss Protoss
  • League: Master
  • Spawn Location: 1:00

VOD

Have the link to the VOD?

Description

Time

  • Played on: Aug. 18, 2025, 1:05 p.m.
  • Length: 3:56
Show
View Real Time Build Order
Export as new Build Order

Vaisravana Protoss - Winner!

Build Orders: 1 Gate Expand 

Get SALT Encoding   

  12  0:00  Probe  
  13  0:12  Probe  
  14  0:18  Pylon  
  14  0:24  Probe  
  15  0:34  Probe  
  15  0:39  Gateway  
  15  0:42  Probe  
  16  0:48  Assimilator  
  17  0:51  Probe  
  18  1:03  Probe  
  19  1:15  Probe  
  20  1:24  Nexus  
  20  1:35  Cybernetics Core  
  20  1:37  Probe  
  21  1:44  Assimilator  
  21  1:49  Probe  
  21  1:52  Pylon  
  22  2:02  Probe  
  23  2:13  Stargate  
  23  2:16  Probe  
  23  2:21  Forge  
  23  2:22  Stalker  
  26  2:32  Shield Battery  
  26  2:34  Probe  
  26  2:35  Probe  
  28  2:44  Probe x2  
  30  2:56  Void Ray  
  30  3:03  Probe  
  35  3:06  Probe  
  36  3:19  Photon Cannon  
  36  3:21  Photon Cannon  
  36  3:32  Pylon  
  36  3:40  Shield Battery  
Show
View Real Time Build Order
Export as new Build Order

frugs Protoss 

Build Orders:  

Get SALT Encoding   

  12  0:00  Probe  
  13  0:12  Probe  
  14  0:16  Pylon  
  14  0:23  Probe  
  15  0:31  Probe  
  16  0:36  Gateway  
  16  0:39  Probe  
  16  0:45  Assimilator  
  17  0:51  Probe  
  17  0:54  Assimilator  
  18  1:03  Probe  
  19  1:08  Gateway  
  19  1:15  Probe  
  20  1:25  Cybernetics Core  
  20  1:27  Probe  
  21  1:35  Pylon  
  21  1:39  Probe  
  22  1:51  Probe  
  23  2:03  Robotics Facility  
  23  2:04  Stalker x2  
  27  2:15  Warp Gate  
  27  2:17  Pylon  
  27  2:32  Stalker  
  27  2:33  Stalker  
  31  2:42  Immortal  
  31  2:57  Pylon  
  35  3:18  Stalker x2  
Tags
 
League
Master
Matchup
PvP
Spawn Locations
Cross Positions
Add a new tag
Caveats
  • Supply blocks, unpowered buildings, or Contaminate may cause inaccurate times.
  • Supply counts are checked every 10 seconds.